 Dungeon Crawl Stone Soup version 0.21.1-1-g345015f (webtiles) character file.

18195 wojtek the Cleaver (level 12, 93/104 HPs)
             Began as a Minotaur Fighter on July 29, 2018.
             Was an Elder of Makhleb.
             Quit the game on level 2 of the Lair of Beasts.
             The game lasted 00:18:47 (15206 turns).

wojtek the Cleaver (Minotaur Fighter)              Turns: 15206, Time: 00:18:47

Health: 93/104     AC: 18    Str: 26    XL:     12   Next: 25%
Magic:  17/17      EV:  9    Int:  5    God:    Makhleb [****..]
Gold:   705        SH: 12    Dex: 10    Spells: 11/11 levels left

rFire    . . .     SeeInvis .   N - +7 falchion "Noippoi" {chaos, rN+}
rCold    . . .     Gourm    .   c - +0 shield
rNeg     + + .     Faith    .   K - +0 plate armour
rPois    +         Spirit   .   (helmet restricted)
rElec    .         Reflect  .   w - +0 cloak {rPois}
rCorr    .         Harm     .   M - +0 pair of gloves
MR       .....                  J - +0 pair of boots
Stlth    ..........             (no amulet)
HPRegen  0.00/turn              I - ring of positive energy
MPRegen  0.15/turn              (no ring)

@: no status effects
A: retaliatory headbutt, horns 2, inhibited regeneration
a: Minor Destruction, Lesser Servant of Makhleb, Major Destruction, Renounce
Religion


You were on level 2 of the Lair of Beasts.
You worshipped Makhleb.
Makhleb was greatly pleased with you.
You were hungry.

You visited 3 branches of the dungeon, and saw 14 of its levels.

You collected 705 gold pieces.

Inventory:

Hand Weapons
 a - a +0 war axe
 b - a +4 scimitar of flaming
 N - the +7 falchion "Noippoi" (weapon) {chaos, rN+}
   (You found it on level 1 of the Lair of Beasts)

   Each time it hits an enemy it has a different, random effect.
   It protects you from negative energy.
Armour
 c - a +0 shield (worn)
 k - +0 ice dragon scales
 w - a +0 cloak of poison resistance (worn)
 J - a +0 pair of boots (worn)
 K - a +0 plate armour (worn)
 M - a +0 pair of gloves (worn)
Jewellery
 I - a ring of positive energy (left hand)
Wands
 t - a wand of paralysis (13)
 G - a wand of random effects (42)
 R - a wand of clouds (2)
Scrolls
 e - 5 scrolls of remove curse
 i - 2 scrolls of random uselessness {unknown}
 j - 8 scrolls of identify
 n - 3 scrolls of teleportation
 p - a scroll of immolation {unknown}
 q - 3 scrolls of enchant weapon
 r - 2 scrolls of fog {unknown}
 x - 5 scrolls of amnesia
 y - 3 scrolls of fear
 z - a scroll of enchant armour {unknown}
 A - 2 scrolls of magic mapping {unknown}
 D - a scroll of noise {unknown}
 O - a scroll of blinking {unknown}
Potions
 d - a potion of might
 g - a potion of berserk rage {unknown}
 h - 3 potions of curing
 l - 4 potions of brilliance
 m - a potion of flight {unknown}
 o - a potion of mutation {unknown}
 s - 2 potions of haste {unknown}
 u - 3 potions of heal wounds
 v - 2 potions of resistance
 B - 2 potions of cancellation
 C - 4 potions of lignification {unknown}
 F - a potion of invisibility {unknown}
 H - a potion of degeneration {unknown}
 P - a potion of magic {unknown}
 Q - a potion of agility {unknown}
Books
 E - a book of Necromancy

   Spells                             Type                      Level
   a - Pain                           Necromancy                   1
   b - Animate Skeleton               Necromancy                   1
   c - Vampiric Draining              Necromancy                   3
   d - Regeneration                   Charms/Necromancy            3
   e - Animate Dead                   Necromancy                   4
   f - Borgnjor's Vile Clutch         Necromancy/Earth             5
Comestibles
 f - 24 rations


   Skills:
 + Level 9.2 Fighting
 * Level 11.3 Axes
 + Level 9.1 Armour
 + Level 7.5 Dodging
 + Level 9.2 Shields
 * Level 9.2 Invocations
 + Level 6.3 Evocations


You had 11 spell levels left.
You didn't know any spells.

Dungeon Overview and Level Annotations

Branches:
Dungeon (11/15)            Temple (1/1) D:5            Lair (2/6) D:11
    Orc (0/2) D:10
  Swamp: Lair:2-4    Shoals: Lair:2-4     Snake: Lair:2-4    Spider: Lair:2-4

Altars:
Ashenzari
Cheibriados
Dithmenos
Elyvilon
Fedhas
Gozag
Hepliaklqana
Kikubaaqudgha
Makhleb
Nemelex Xobeh
Okawaru
Qazlal
Ru
Sif Muna
Trog
Uskayaw
Vehumet
Wu Jian
Xom
Yredelemnul
Zin
The Shining One

Shops:
D:9 }


Innate Abilities, Weirdness & Mutations

You reflexively headbutt those who attack you in melee.
You have a pair of horns on your head.
You do not regenerate when monsters are visible.


Message History

There is a stone staircase leading down here.
You climb downwards.
The elephant trumpets!
You hear a trumpeting!
The elephant tramples you.
You stumble backwards!
You slash the elephant!
The elephant scowls.
The elephant is lightly wounded.
The elephant barely misses you.
You riposte.
You slash the elephant!
The elephant evaporates and reforms as a shining eye!
You hit the shining eye.
The shining eye is lightly wounded.
You hit the shining eye.
Lightning courses through the shining eye!
You headbutt the shining eye, but do no damage.
The shining eye is moderately wounded.
The shining eye pulsates ominously.
The shining eye gazes at you.
Strange energies course through your body.
Your regeneration stops near monsters.
The elephant tramples you!
You stumble backwards!
Are you sure you want to abandon this character and quit the game? (Confirm with "yes".)

##......(#≈P...P≈≈≈≈≈≈
#.....#..........#.#.≈
##....................
#.....................
#....................
##..........Y.........
#..[..#...............
#......G..............
#....@Y...............
####..................
####...............
###..###..###### ####
####


You could see 2 elephants and a shining eye.

Vanquished Creatures
  The ghost of Ymberto the Fighter, a journeyman NaTm of Okawaru (D:10)
  A hydra (D:11)
  3 centaur zombies
  An elephant (Lair:1)
  A gargoyle (D:11)
  Joseph (D:7)
  A black mamba (Lair:1)
  A rime drake (Lair:1)
  2 komodo dragons (Lair:2)
  2 spiny frogs
  The ghost of Lilu the Destroyer, a novice DECj of Vehumet (D:5)
  A troll (D:6)
  2 hornets
  A polar bear (D:7)
  The ghost of SergentPoivreBleu the Charmwright, an amateur HaSk (D:4)
  4 hippogriffs
  A shadow (D:11)
  6 wraiths
  4 yaks
  A wyvern (D:8)
  Grum (D:9)
  Menkaure (D:5)
  A soldier ant (D:9)
  A water moccasin (D:9)
  4 porcupines
  3 orc warriors
  3 ice beasts
  An eye of draining (Lair:1)
  3 black bears
  3 sky beasts
  6 ogres
  4 centaurs
  15 wolves
  4 crocodiles
  A big kobold (D:10)
  3 bullfrogs
  A wyvern zombie (D:11)
  A wyvern skeleton (D:7)
  2 scorpions
  14 killer bees
  An electric eel (Lair:2)
  3 howler monkeys (D:9)
  7 hounds
  A bullfrog zombie (D:6)
  A centaur skeleton (D:4)
  A gnoll shaman (D:7)
  A jelly (Lair:1)
  2 quasits
  5 orc priests
  Crazy Yiuf (D:2)
  A bullfrog skeleton (D:9)
  Jessica (D:3)
  Ijyb (D:2)
  Terence (D:2)
  2 iguanas (D:6)
  10 orc wizards
  9 worker ants
  A hound skeleton (D:6)
  A howler monkey zombie (D:5)
  14 adders
  9 gnolls
  2 shadow imps
  4 white imps (D:8)
  12 oozes (Lair:1)
  An adder zombie (D:10)
  2 adder skeletons
  5 worms
  A dart slug (D:2)
  10 leopard geckos
  60 orcs
  11 bats
  10 giant cockroaches
  14 goblins
  8 hobgoblins
  10 jackals
  13 kobolds
  8 quokkas
  A ball python (D:2)
  2 frilled lizards
  A leopard gecko simulacrum (D:8)
  A leopard gecko skeleton (D:6)
  10 rats
  A fungus (D:11)
368 creatures vanquished.

Vanquished Creatures (collateral kills)
  Josephine (D:11)
  Harold (D:11)
  A hydra (Lair:1)
  An ugly thing (D:11)
  A spiny frog (Lair:1)
  A slime creature (Lair:1)
  3 yaks (Lair:1)
  A water moccasin (D:11)
  A porcupine (D:11)
  An ogre (D:11)
  2 crocodiles
  2 bullfrogs (D:11)
  A scorpion (D:11)
  A jelly (Lair:1)
  4 oozes (Lair:1)
  An orc (D:11)
23 creatures vanquished.

Vanquished Creatures (others)
  Erica (D:11)
  10 fungi
  3 plants
14 creatures vanquished.

Grand Total: 405 creatures vanquished

Notes
Turn   | Place    | Note
-------+----------+-------------------------------------------
     0 | D:1      | wojtek the Minotaur Fighter began the quest for the Orb.
     0 | D:1      | Reached XP level 1. HP: 19/19 MP: 0/0
    52 | D:1      | Reached skill level 3 in Axes
    74 | D:1      | Reached XP level 2. HP: 22/26 MP: 1/1
   346 | D:1      | Reached skill level 4 in Axes
   560 | D:1      | Reached XP level 3. HP: 31/31 MP: 2/2
   791 | D:2      | Reached skill level 5 in Axes
   818 | D:2      | Noticed Terence
   846 | D:2      | Killed Terence
   846 | D:2      | Reached XP level 4. HP: 14/39 MP: 3/3
  1122 | D:2      | Found a runed door.
  1233 | D:2      | Reached skill level 6 in Axes
  1296 | D:2      | Found a stormy altar of Qazlal.
  1431 | D:2      | Noticed Ijyb
  1446 | D:2      | Killed Ijyb
  1446 | D:2      | Reached XP level 5. HP: 41/45 MP: 4/4
  1603 | D:2      | Noticed Crazy Yiuf
  1606 | D:2      | Killed Crazy Yiuf
  1675 | D:3      | Reached skill level 7 in Axes
  1771 | D:3      | Noticed Jessica
  1777 | D:3      | Killed Jessica
  1969 | D:3      | Reached XP level 6. HP: 36/51 MP: 5/5
  2499 | D:4      | Noticed SergentPoivreBleu's ghost (amateur HaSk)
  2535 | D:4      | Killed SergentPoivreBleu's ghost
  2535 | D:4      | Reached skill level 8 in Axes
  2535 | D:4      | Reached skill level 1 in Dodging
  2535 | D:4      | Reached skill level 1 in Evocations
  2535 | D:4      | Reached XP level 7. HP: 37/59 MP: 5/7
  2716 | D:4      | Found an ancient bone altar of Kikubaaqudgha.
  3381 | D:4      | Found a blossoming altar of Fedhas.
  3579 | D:5      | Entered Level 5 of the Dungeon
  3603 | D:5      | Noticed Lilu's ghost (novice DECj)
  3988 | D:5      | Noticed Menkaure
  4023 | D:5      | Killed Menkaure
  4059 | D:5      | Found a sparkling altar of Nemelex Xobeh.
  4121 | D:5      | Found a staircase to the Ecumenical Temple.
  4130 | Temple   | Entered the Ecumenical Temple
  4338 | Temple   | Became a worshipper of Makhleb the Destroyer
  4380 | D:5      | Killed Lilu's ghost
  4380 | D:5      | Reached skill level 5 in Fighting
  4380 | D:5      | Reached skill level 5 in Armour
  4380 | D:5      | Reached skill level 5 in Shields
  4380 | D:5      | Reached skill level 1 in Invocations
  4380 | D:5      | Reached XP level 8. HP: 13/68 MP: 8/8
  5515 | D:6      | Found a sparkling altar of Nemelex Xobeh.
  5982 | D:6      | Noticed a troll
  5991 | D:6      | Killed a troll
  5991 | D:6      | Reached skill level 9 in Axes
  5991 | D:6      | Reached XP level 9. HP: 61/75 MP: 10/10
  6124 | D:6      | Found a basalt altar of Yredelemnul.
  6334 | D:6      | Found a radiant altar of Vehumet.
  6481 | D:7      | Reached * piety under Makhleb
  6509 | D:7      | Found an ornate altar of the Wu Jian Council.
  6557 | D:7      | Noticed Joseph
  6578 | D:7      | Killed Joseph
  6592 | D:7      | Found a white marble altar of Elyvilon.
  6881 | D:7      | Reached skill level 5 in Invocations
  7600 | D:8      | Noticed a polar bear
  7634 | D:7      | Killed a polar bear
  7956 | D:8      | Reached skill level 5 in Dodging
  7956 | D:8      | Reached XP level 10. HP: 82/84 MP: 13/13
  8222 | D:8      | Found a hazy altar of Hepliaklqana.
  8309 | D:8      | Found a bloodstained altar of Trog.
  8526 | D:8      | Reached ** piety under Makhleb
  9324 | D:9      | Found Takan's Gadget Shoppe.
  9354 | D:9      | Found an ancient bone altar of Kikubaaqudgha.
  9601 | D:9      | Noticed Grum
  9613 | D:9      | Killed Grum
  9911 | D:10     | Entered Level 10 of the Dungeon
 10032 | D:10     | Reached skill level 10 in Axes
 10803 | D:10     | Found a deep blue altar of Sif Muna.
 10812 | D:10     | Reached *** piety under Makhleb
 10814 | D:10     | Reached skill level 5 in Evocations
 10816 | D:10     | Noticed Ymberto's ghost (journeyman NaTm)
 10856 | D:10     | Killed Ymberto's ghost
 10856 | D:10     | Reached XP level 11. HP: 36/93 MP: 15/15
 11059 | D:10     | Found a staircase to the Orcish Mines.
 11098 | D:10     | Reached **** piety under Makhleb
 11362 | D:11     | Noticed Harold
 11394 | D:11     | Noticed Erica
 11700 | D:11     | Killed Erica
 11711 | D:11     | Killed Harold
 11728 | D:11     | Noticed an eight-headed hydra
 11743 | D:11     | Killed an eight-headed hydra
 11963 | D:11     | Noticed Josephine
 11970 | D:11     | Noticed a green ugly thing
 11974 | D:11     | Killed Josephine
 11977 | D:11     | Killed a green ugly thing
 12489 | D:11     | Found a staircase to the Lair.
 12604 | Lair:1   | Entered Level 1 of the Lair of Beasts
 12604 | Lair:1   | Noticed an eight-headed hydra
 12979 | Lair:1   | Killed an eight-headed hydra
 13108 | Lair:1   | Reached skill level 11 in Axes
 13178 | Lair:1   | Got an ancient falchion
 13182 | Lair:1   | Identified the +7 falchion "Noippoi" {chaos, rN+} (You found it on level 1 of the Lair of Beasts)
 13899 | Lair:2   | Reached XP level 12. HP: 103/103 MP: 17/17
 15205 | Lair:2   | Gained mutation: You do not regenerate when monsters are visible. [a shining eye]
 15206 | Lair:2   | Quit the game

Skill      XL: |  1  2  3  4  5  6  7  8  9 10 11 12 |
---------------+-------------------------------------+-----
Axes           | 3 4 5 6 7 8 9 10 11 | 11.3
Fighting       | 4 5 6 7 8 9 |  9.2
Armour         | 4 5 6 7 8 9 |  9.1
Dodging        | 1 2 3 5 6 7 |  7.5
Shields        | 4 5 6 7 9 |  9.2
Evocations     | 1 2 3 4 5 6 |  6.3
Invocations    | 1 3 5 7 8 9 |  9.2

Action                   |  1- 3 |  4- 6 |  7- 9 | 10-12 || total
-------------------------+-------+-------+-------+-------++-------
Melee: War axe           |    78 |   173 |   303 |   608 ||  1162
       Headbutt          |    13 |    27 |    74 |   151 ||   265
       Falchion          |       |       |       |   120 ||   120
Invok: Lesser Servant of |       |       |       |    15 ||    15
       Minor Destruction |       |       |       |    12 ||    12
Evoke: Wand              |       |       |       |     3 ||     3
  Use: Scroll            |       |       |     9 |     1 ||    10
       Potion            |       |       |       |     2 ||     2
 Stab: Distracted        |       |       |       |     2 ||     2
       Paralysed         |       |       |       |     1 ||     1
  Eat: Chunk             |       |     5 |    14 |    21 ||    40
       Ration            |       |       |     1 |     1 ||     2
Armor: Scale mail        |    28 |    65 |    10 |       ||   103
       Chain mail        |       |       |   136 |   152 ||   288
       Plate armour      |       |       |       |   255 ||   255
Dodge: Dodged            |    19 |    56 |   100 |   283 ||   458
Block: Shield            |    32 |    88 |   163 |   475 ||   758
       Rpst.: Falchion   |       |       |       |    22 ||    22
